 Dungeon Crawl Stone Soup version 0.28.0-53-g5a82cb258f (webtiles) character file.

Game seed: 13033013432305654781

36715 jjjjhere the Basher (level 13, -1/183 HPs)
             Began as a Minotaur Enchanter on Oct 26, 2022.
             Was the Champion of the Shining One.
             Slain by a redback (2 damage)
             ... in a Gauntlet.
             The game lasted 00:24:47 (14505 turns).

jjjjhere the Basher (Minotaur Enchanter)           Turns: 14505, Time: 00:24:47

Health: -1/183     AC: 26    Str: 17    XL:     13   Next: 54%
Magic:  19/19      EV:  2    Int: 12    God:    the Shining One [******]
Gold:   1057       SH: 12    Dex: 12    Spells: 12/14 levels left

rFire   . . .      SeeInvis .   w - +2 morningstar (distort)
rCold   . . .      Faith    .   v - +0 kite shield
rNeg    + + +      Spirit   .   (armour currently unavailable)
rPois   +          Reflect  .   (helmet currently unavailable)
rElec   .          Harm     .   (cloak currently unavailable)
rCorr   .          Rampage  .   (gloves currently unavailable)
Will    +....      NoTele   +   (boots currently unavailable)
Stlth   +.........              m - amulet of regeneration
HPRegen 1.20/turn               q - ring of willpower
MPRegen 0.16/turn               F - +4 ring of evasion

@: lethally poisoned (-1 -> -13), tree-form, glowing
A: stationary, stasis, torment immunity, boosted hp, (horns 2), (retaliatory
headbutt)
a: Renounce Religion, Divine Shield, Cleansing Flame, Summon Divine Warrior,
Brand Weapon With Holy Wrath


You were in a Gauntlet.
You worshipped the Shining One.
The Shining One was exalted by your worship.
You were a tree.
You visited 2 branches of the dungeon, and saw 16 of its levels.
You also visited: Ossuary, Bailey, Gauntlet and Volcano.

You collected 1057 gold pieces.

Inventory:

Hand Weapons
 b - a +0 hand axe of flaming
 s - a +2 mace of venom
 w - a +2 morningstar of distortion (weapon)
Missiles
 o - 4 atropa-tipped darts
 t - 23 boomerangs (quivered)
 A - 3 silver javelins
 T - 5 throwing nets
Armour
 j - a +1 hat (melded)
 l - a +0 scale mail (melded)
 v - a +0 kite shield (worn)
 H - a +2 pair of gloves (melded)
 R - the +3 pair of seven-league boots (melded) {Rampage+∞}
   (You acquired it in a bailey)

   Its wearer moves as far as possible in that direction when moving towards
   enemies.
 S - a +0 cloak (melded)
Jewellery
 e - the ring of Vaciteas {rElec rF+ rC+ Will- Str+7}
   (You found it on level 5 of the Lair of Beasts)

   [ring of protection from fire]

   Str:       It affects your strength (+7).
   rF:        It protects you from fire.
   rC:        It protects you from cold.
   rElec:     It insulates you from electricity.
   Will:      It decreases your willpower.
 m - an amulet of regeneration (around neck)
 q - a ring of willpower (left branch)
 F - a +4 ring of evasion (right branch)
 G - an amulet of the acrobat
 O - a ring of protection from cold
 V - a +6 ring of dexterity
 X - the ring of Leskongi {Int+3 SInv}
   (You found it on level 2 of the Lair of Beasts)

   [ring of see invisible]

   Int:       It affects your intelligence (+3).
   SInv:      It lets you see invisible.
 Z - a +6 ring of strength
Wands
 p - a wand of iceblast (17)
 C - a wand of polymorph (12)
 I - a wand of flame (32)
 W - a wand of mindburst (12)
Scrolls
 d - 2 scrolls of magic mapping
 f - 2 scrolls of enchant weapon
 i - a scroll of silence
 n - a scroll of holy word
 r - 7 scrolls of identify
 u - 8 scrolls of teleportation
 x - 4 scrolls of fog
 y - a scroll of enchant armour
 M - 6 scrolls of blinking
 P - 2 scrolls of fear
Potions
 a - 3 potions of berserk rage {unknown}
 c - 2 potions of invisibility
 g - 2 potions of might
 k - 3 potions of mutation
 z - 4 potions of lignification
 B - 3 potions of curing
 D - 2 potions of cancellation
 E - a potion of attraction
 J - 2 potions of flight
 K - 2 potions of haste
 L - a potion of magic
 U - a potion of brilliance


   Skills:
 - Level 13.0 Fighting
 - Level 1.1 Short Blades
 - Level 0.4(1.0) Long Blades
 - Level 14.0 Maces & Flails
 * Level 10.1 Armour
 * Level 3.3 Dodging
 - Level 2.4 Stealth
 - Level 14.0 Shields
 - Level 1.3 Spellcasting
 - Level 2.0 Hexes
 + Level 10.3 Invocations


You had 12 spell levels left.
You knew the following spells:

 Your Spells              Type           Power      Damage    Failure   Level
a - Ensorcelled Hibernat  Hex/Ice        6%         N/A       47%         2

Your spell library contained the following spells:

 Spells                   Type           Power      Damage    Failure   Level
 Magic Dart               Conj           0%         1d3       47%         1
 Sandblast                Erth           0%         2d4       47%         1
 Confusing Touch          Hex            5%         N/A       56%         3
 Tukima's Dance           Hex            5%         N/A       56%         3
 Call Imp                 Summ           0%         N/A       63%         2
 Corpse Rot               Necr/Air       0%         N/A       63%         2
 Passwall                 Tmut/Erth      0%         N/A       63%         2
 Poisonous Vapours        Pois/Air       0%         N/A       63%         2
 Dazzling Flash           Conj/Hex       6%         N/A       71%         3
 Inner Flame              Hex/Fire       3%         N/A       71%         3
 Portal Projectile        Hex/Tloc       6%         N/A       71%         3
 Call Canine Familiar     Summ           0%         N/A       85%         3
 Frozen Ramparts          Ice            0%         1d2       85%         3
 Mephitic Cloud           Conj/Pois/Air  0%         N/A       85%         3
 Stone Arrow              Conj/Erth      0%         3d7       85%         3
 Swiftness                Air            0%         N/A       85%         3
 Cause Fear               Hex            2%         N/A       93%         4
 Leda's Liquefaction      Hex/Erth       1%         N/A       98%         4
 Dispel Undead            Necr           0%         3d6       99%         4
 Ice Form                 Ice/Tmut       0%         N/A       99%         4
 Passage of Golubria      Tloc           0%         N/A       99%         4
 Summon Ice Beast         Ice/Summ       0%         N/A       99%         4
 Summon Mana Viper        Hex/Summ       3%         N/A       100%        5
 Yara's Violent Unravell  Hex/Tmut       1%         3d3       100%        5
 Death Channel            Necr           0%         N/A       100%        6
 Summon Hydra             Summ           0%         N/A       100%        7
 Discord                  Hex            2%         N/A       100%        8


Dungeon Overview and Level Annotations

Branches:
Dungeon (11/15)            Temple (0/1) D:7            Lair (5/6) D:11
  Swamp (0/4) Lair:4       Spider (0/4) Lair:4          Orc (0/2) D:9
Ossuary (visited)          Bailey (visited)         Volcano (visited)
Gauntlet (1/1)
  Slime: Lair:5-6

Altars:
Ashenzari
Dithmenos
Kikubaaqudgha
Qazlal
The Shining One
Beogh

Shops:
D:8 [

Annotations:
D:4 1 runed translucent door, Crazy Yiuf
D:6 3 runed translucent doors, XVortexX's ghost, novice MiBe
Lair:4 3 runed translucent doors, Folipuz's ghost, journeyman NaWn Gauntlet 9 transporters, 13 runed translucent doors


Innate Abilities, Weirdness & Mutations

You are a tree.
Your roots penetrate the ground, keeping you stationary.
You cannot be teleported.
You are immune to unholy pain and torment.
Your maximum health is greatly increased.
Your equipment is partially melded.
((You have a pair of horns on your head.))
((You reflexively headbutt those who attack you in melee.))


Message History

The redback barely misses you. The redback bites you!
You block the redback's attack. x2; The redback misses you.
You furiously retaliate!
You headbutt the redback! The redback bites you!
You feel extremely sick. The redback bites you!!
* * * LOW HITPOINT WARNING * * *
You are more poisoned.
The redback poisons you!
There is an open translucent gate, spattered with blood here.
You feel better.
You block the redback's attack. x2; The redback bites you!
* * * LOW HITPOINT WARNING * * *
You are lethally poisoned!
The redback poisons you!
The redback bites you but does no damage.
Okay, then.
Really quaff the potion of lignification?
You turn into a tree.
Your +0 cloak melds into your body.
Your +1 hat melds into your body.
Your +2 pair of gloves melds into your body.
The +3 pair of seven-league boots {Rampage+∞} melds into your body.
Your +0 scale mail melds into your body.
You no longer feel ready to stride towards your foes.
Your roots penetrate the ground.
You feel extremely sick.
The redback bites you but does no damage.
You block the redback's attack. x2; The redback bites you!
* * * LOW HITPOINT WARNING * * *
You block the redback's attack.
The redback bites you but does no damage. x2
Okay, then.
As you read the scroll of fear, it crumbles to dust.
You assume a fearsome visage.
The redback is unaffected.
The moth of wrath looks frightened!
The redback is unaffected. x2
* * * LOW HITPOINT WARNING * * *
You feel very sick.
The redback bites you but does no damage.
You block the redback's attack. The redback bites you!
* * * LOW HITPOINT WARNING * * *
The redback bites you.
You die...

##########...###########...######
...........≈.............≈§......
..........§8≈...........§8≈......
...........≈.............≈.......
##########...###########...######
......bbb#...#...'..+..#..§#.....
.#....t#b#...#.s.'..+..#...#.##^.
?.##.##hh#####!s##''#++#####.^##†
(.##.##.h#...#}.♣sy.'..#...#...#.
©.#.©.#..#©.©#©.'s..#.©#©.©#©..#©
".##.##..#...#[.'...+..#...#...#.
..##.##..#####..##++#++#####[.##.
.#....h#b#...#...+..+..#...#.##^.
......bbh#.8.#...+..+..#.8.#.....
##########...###########...######
.................................
.................................


You could see a moth of wrath (fleeing) and 4 redbacks.

Vanquished Creatures
  Gastronok (D:11)
  An orc warlord (Bailey)
  Snorg (D:10)
  Harold (D:11)
  4 hydras
  Erolcha (D:10)
  A two-headed ogre (D:9)
  A hell hog (Lair:1)
  A lindwurm (Lair:1)
  An orc knight (Bailey)
  2 black mambas
  A torpor snail (Gauntlet)
  A gargoyle (D:11)
  4 elephants (Lair:3)
  5 cane toads
  2 rime drakes
  Maggie (Lair:2)
  Psyche (D:10)
  An unseen horror (D:10)
  6 komodo dragons
  2 kobold demonologists
  A polar bear (Lair:1)
  4 trolls
  A hornet (D:10)
  7 blink frogs
  A meliai zombie (D:11)
  Sigmund (D:5)
  2 shadows
  A wyvern (Lair:1)
  26 yaks
  A wraith (D:10)
  Eustachio (D:5)
  A basilisk (Lair:4)
  8 vampire mosquitoes
  3 steam dragons
  2 acid dragons
  9 water moccasins
  2 black bears
  11 necrophages (D:11)
  7 orc warriors
  4 sky beasts
  2 centaurs
  5 wolves (Gauntlet)
  2 ogres
  2 kobold brigands
  An elf zombie (Ossuary)
  11 bullfrogs
  A gnoll sergeant (D:11)
  2 scorpions
  A water moccasin zombie (D:6)
  3 howler monkeys
  18 wights
  A bullfrog zombie (D:6)
  7 centaur zombies
  7 orc priests
  6 hounds
  A human zombie (Ossuary)
  A jelly (D:8)
  A centaur skeleton (D:5)
  Jessica (D:3)
  2 bullfrog skeletons
  13 orc wizards
  A killer bee zombie (D:7)
  2 hound zombies (Ossuary)
  6 mummies
  7 gnolls
  6 adders
  A white imp (D:8)
  2 adder zombies (Ossuary)
  2 worms (D:4)
  3 dart slugs
  38 orcs
  8 ball pythons
  8 endoplasms
  7 giant cockroaches
  9 hobgoblins
  2 quokkas
  5 bats
  2 frilled lizards (D:2)
  11 goblins
  A goblin zombie (Ossuary)
  A hobgoblin zombie (Ossuary)
  24 kobolds
  3 kobold zombies (Ossuary)
  An orc zombie (Ossuary)
  7 rats
377 creatures vanquished.

Vanquished Creatures (others)
  A two-headed ogre (D:10)
  An orc (D:8)
  2 fungi
  8 plants
  14 withered plants
26 creatures vanquished.

Grand Total: 403 creatures vanquished

Notes
Turn   | Place    | Note
-------+----------+-------------------------------------------
     0 | D:1      | jjjjhere the Minotaur Enchanter began the quest for the
                  | Orb.
     0 | D:1      | Reached XP level 1. HP: 14/14 MP: 1/1
   105 | D:1      | Reached skill level 1 in Fighting
   403 | D:1      | Reached XP level 2. HP: 17/24 MP: 3/3
  1224 | D:2      | Reached XP level 3. HP: 31/31 MP: 4/4
  1279 | D:2      | Learned a level 2 spell: Ensorcelled Hibernation
  2127 | D:3      | Found a shadowy altar of Dithmenos.
  2133 | D:3      | Found a broken altar of Ashenzari.
  2193 | D:3      | Found an ancient bone altar of Kikubaaqudgha.
  2424 | D:3      | Reached XP level 4. HP: 41/41 MP: 5/5
  2874 | D:3      | Noticed Jessica
  2881 | D:3      | Killed Jessica
  2882 | D:3      | Reached skill level 5 in Fighting
  2882 | D:3      | Reached skill level 1 in Shields
  2911 | D:3      | Found a faded altar of an unknown god.
  2937 | D:3      | Prayed at the altar of an unknown god.
  2937 | D:3      | Became a worshipper of the Shining One
  2937 | D:3      | Reached * piety under the Shining One
  3146 | D:4      | Reached skill level 1 in Maces & Flails
  3146 | D:4      | Reached XP level 5. HP: 48/48 MP: 6/6
  3203 | D:4      | Noticed a black bear
  3211 | D:4      | Killed a black bear
  3447 | D:4      | Reached XP level 6. HP: 56/56 MP: 7/7
  3539 | D:4      | Noticed a water moccasin
  3551 | D:4      | Killed a water moccasin
  3629 | D:4      | Found a runed translucent door.
  3630 | D:4      | Noticed Crazy Yiuf
  4097 | D:5      | Entered Level 5 of the Dungeon
  4139 | D:5      | Reached skill level 5 in Shields
  4139 | D:5      | Reached XP level 7. HP: 61/61 MP: 8/8
  4170 | D:5      | Reached skill level 5 in Maces & Flails
  4254 | D:5      | Noticed Eustachio
  4275 | D:5      | Killed Eustachio
  4330 | D:5      | Noticed Sigmund
  4346 | D:5      | Killed Sigmund
  4377 | D:5      | Reached XP level 8. HP: 68/68 MP: 9/9
  4604 | D:6      | Found a runed translucent gate.
  4604 | D:6      | Noticed XVortexX's ghost (novice MiBe)
  4604 | D:6      | Reached ** piety under the Shining One
  4605 | D:6      | Found a runed translucent gate.
  4606 | D:6      | Found a runed translucent gate.
  4879 | D:6      | Noticed a troll
  4900 | D:6      | Reached skill level 10 in Maces & Flails
  4919 | D:6      | HP: 17/68 [troll (8)]
  5016 | D:6      | Killed a troll
  5186 | D:6      | Found a sand-covered staircase.
  5199 | Ossuary  | Entered an ossuary
  5230 | Ossuary  | Reached XP level 9. HP: 74/74 MP: 10/10
  5231 | Ossuary  | Reached *** piety under the Shining One
  5475 | Ossuary  | Reached XP level 10. HP: 81/81 MP: 11/11
  6155 | D:7      | Found a staircase to the Ecumenical Temple.
  7176 | D:8      | Found Uretuj's Armour Boutique.
  7181 | D:8      | Reached **** piety under the Shining One
  7827 | D:9      | Found a staircase to the Orcish Mines.
  7969 | D:8      | Reached XP level 11. HP: 61/86 MP: 12/12
  8026 | D:9      | Found a stormy altar of Qazlal.
  8108 | D:9      | Noticed a two-headed ogre
  8132 | D:9      | Killed a two-headed ogre
  8349 | D:10     | Entered Level 10 of the Dungeon
  8387 | D:10     | Reached ***** piety under the Shining One
  8476 | D:10     | Noticed Psyche
  8485 | D:10     | Killed Psyche
  8490 | D:10     | Noticed Erolcha
  8505 | D:10     | Killed Erolcha
  8543 | D:10     | Noticed a two-headed ogre
  8561 | D:10     | Killed a two-headed ogre
  8587 | D:10     | Found a flagged portal.
  8594 | Bailey   | Entered a bailey
  8599 | Bailey   | Noticed an orc warlord
  8811 | Bailey   | Found a runed translucent gate.
  8812 | Bailey   | Found a runed translucent gate.
  8814 | Bailey   | Found a runed translucent gate.
  8821 | Bailey   | Noticed an orc knight
  8849 | Bailey   | Killed an orc knight
  8850 | Bailey   | Reached skill level 1 in Invocations
  9050 | Bailey   | Killed an orc warlord
  9065 | Bailey   | Acquired the +3 pair of seven-league boots {Rampage+∞}
  9065 | Bailey   | Found the +3 pair of seven-league boots {Rampage+∞}
  9085 | Bailey   | Got the Guide on the Escort
  9718 | D:11     | Reached XP level 12. HP: 101/101 MP: 14/14
  9747 | D:11     | Noticed Snorg
  9767 | D:11     | Reached skill level 5 in Invocations
  9861 | D:11     | Noticed Gastronok
  9877 | D:11     | Killed Gastronok
  9924 | D:11     | Found an ancient bone altar of Kikubaaqudgha.
 10060 | D:10     | Killed Snorg
 10258 | D:11     | Noticed Harold
 10279 | D:11     | Killed Harold
 10282 | D:11     | Reached ****** piety under the Shining One
 10311 | D:11     | Reached skill level 10 in Fighting
 10570 | D:11     | Found a staircase to the Lair.
 10745 | Lair:1   | Entered Level 1 of the Lair of Beasts
 10890 | Lair:1   | Noticed an eight-headed hydra
 10898 | Lair:1   | Killed an eight-headed hydra
 11255 | Lair:1   | Found a dark tunnel.
 11290 | Volcano  | Entered a volcano
 11303 | Volcano  | Noticed a two-headed ogre
 11303 | Volcano  | Noticed a hell hog
 11310 | Volcano  | HP: 15/110 [hell hog/fireball (36)]
 11316 | Volcano  | HP: 4/110 [hell hog/fireball (34)]
 11322 | Lair:1   | Killed a hell hog
 11670 | Lair:1   | Identified the +2 robe of Sorcery {Regen+ Str+4 SInv}
 11714 | Lair:2   | Noticed Maggie
 11727 | Lair:2   | Killed Maggie
 11750 | Lair:2   | Identified the ring of Leskongi {Int+3 SInv}
 11796 | Lair:2   | Reached XP level 13. HP: 97/116 MP: 18/18
 12885 | Lair:3   | Reached skill level 10 in Invocations
 13236 | Lair:4   | Found a hole to the Spider Nest.
 13311 | Lair:4   | Found a runed translucent gate.
 13312 | Lair:4   | Found a runed translucent gate.
 13312 | Lair:4   | Noticed Folipuz's ghost (journeyman NaWn)
 13313 | Lair:4   | Found a runed translucent gate.
 13470 | Lair:4   | Found a staircase to the Swamp.
 14171 | Lair:5   | Reached skill level 10 in Armour
 14205 | Lair:5   | Found a gate leading to a gauntlet.
 14226 | Lair:5   | Identified the ring of Vaciteas {rElec rF+ rC+ Will- Str+7}
 14235 | Gauntlet | Entered a Gauntlet
 14235 | Gauntlet | Found a transporter.
 14235 | Gauntlet | Found a transporter.
 14239 | Gauntlet | Found a transporter.
 14239 | Gauntlet | Found a transporter.
 14241 | Gauntlet | Found a large runed translucent door.
 14241 | Gauntlet | Found a transporter.
 14242 | Gauntlet | Found a large runed translucent door.
 14243 | Gauntlet | Found a large runed translucent door.
 14243 | Gauntlet | Found a large runed translucent door.
 14243 | Gauntlet | Found a runed translucent door.
 14243 | Gauntlet | Found a runed translucent door.
 14244 | Gauntlet | Found a large runed translucent door.
 14244 | Gauntlet | Found a large runed translucent door.
 14244 | Gauntlet | Found a large runed translucent door.
 14244 | Gauntlet | Found a large runed translucent door.
 14245 | Gauntlet | Found a large runed translucent door.
 14245 | Gauntlet | Found a large runed translucent door.
 14246 | Gauntlet | Found a large runed translucent door.
 14246 | Gauntlet | Found a large runed translucent door.
 14247 | Gauntlet | Found a runed translucent gate.
 14247 | Gauntlet | Found a runed translucent gate.
 14247 | Gauntlet | Found a runed translucent gate.
 14249 | Gauntlet | Found a transporter.
 14253 | Gauntlet | Found a transporter.
 14263 | Gauntlet | Noticed a reaper
 14265 | Gauntlet | Found a transporter.
 14266 | Gauntlet | Found the dreamshard necklace {*Dream Drain}
 14294 | Gauntlet | Found a large runed translucent door.
 14294 | Gauntlet | Found a large runed translucent door.
 14297 | Gauntlet | Found a large runed translucent door.
 14297 | Gauntlet | Found a large runed translucent door.
 14350 | Gauntlet | Found a transporter.
 14366 | Gauntlet | Found a transporter.
 14368 | Gauntlet | Found a transporter.
 14378 | Gauntlet | Found a transporter.
 14502 | Gauntlet | HP: 20/122 [redback (22)]
 14505 | Gauntlet | HP: 1/183 [redback (14)]
 14505 | Gauntlet | Slain by a redback

Illustrated notes

Levels and vault maps discovered:
D:1:      tarquinn_simple_flora_water_b, layout_basic, minmay_misc_feat_ornament
D:2:      minmay_wonky_spiral, layout_basic
D:3:      minmay_bubble_buster, layout_basic, grunt_temple_overflow_open,
          shapermc_ecumenical_altar_notcrosses, hangedman_decor_diamond_cutter,
          kennysheep_donut, uniq_jessica
D:4:      layout_loops_corners, minmay_goblin_kobold_house,
          uniq_crazy_yiuf_cottage
D:5:      layout_rooms, uniq_eustachio, uniq_sigmund
D:6:      layout_gridville, biasface_ghost_orc_armoury,
          nicolae_ossuary_entry_plus
D:7:      layout_loops_corners, minmay_temple_entry_butterflies
D:8:      layout_basic, serial_shops, nicolae_shop_statue_plus, serial_glass,
          glass_columns_a, glass_columns_b, glass_columns_c, glass_columns_a,
          grunt_ministairs_11, minmay_strange_pillars
D:9:      layout_cave_pools, kennysheep_mini_moat, david_orc_3
D:10:     minmay_evil_eye, layout_gridville, enter_bailey_3, uniq_psyche,
          uniq_erolcha
D:11:     layout_loops_cross, lair_entry_dummy, serial_undead, serial_undead_d,
          serial_undead_c, serial_undead_d, serial_undead_c, serial_undead_d,
          serial_undead_f, serial_undead_c, serial_undead_a, serial_undead_f,
          serial_undead_d, nicolae_kikubaaqudgha_miasma_corner, uniq_snorg,
          uniq_harold, uniq_gastronok
Lair:1:   layout_small_grid, nicolae_volcano_entry_vermiform, lemuel_fruit_tree,
          grunt_megastairs_3
Lair:2:   layout_big_grid, uniq_maggie
Lair:3:   layout_roguey, serial_bayou_shore_b
Lair:4:   layout_small_grid, minmay_swamp_entry_swarm,
          spider_nest_entry_web_field, gammafunk_ghost_hydra_chop,
          infiniplex_staircase_pool_2
Lair:5:   layout_layer_cave, dpeg_slime_entry_enclosed_altar,
          gauntlet_entry_generic, chequers_serial_rivers_small_3,
          nicolae_lair_grazing_beasts [nicolae_sub_lair_graze_edge,
          nicolae_sub_lair_graze_edge, nicolae_sub_lair_graze_edge,
          nicolae_sub_lair_graze_edge]
Gauntlet: gammafunk_gauntlet_hard_choice [gammafunk_gauntlet_arena_split_x,
          gammafunk_gauntlet_arena_spirals,
          minmay_gauntlet_arena_make_your_own_arena,
          gammafunk_gauntlet_arena_teeth, nicolae_gauntlet_arena_blocks,
          gammafunk_gauntlet_arena_hedges, gauntlet_exit_hidden_loot]

Skill      XL: |  1  2  3  4  5  6  7  8  9 10 11 12 13 |
---------------+----------------------------------------+-----
Fighting       | 2 3 4 5 7 11 13 | 13.0
Shields        | 1 3 5 11 12 14 | 14.0
Maces & Flails | 1 3 4 8 11 13 14 | 14.0
Armour         | 9 10 | 10.1
Invocations    | 4 8 10 | 10.3
Dodging        | 3 |  3.3
Short Blades   | |  1.1
Long Blades    | |  0.4
Stealth        | |  2.4
Spellcasting   | |  1.3
Hexes          | |  2.0

Action                   |  1- 3 |  4- 6 |  7- 9 | 10-12 | 13-15 || total
-------------------------+-------+-------+-------+-------+-------++-------
Melee: Dagger            |   107 |    23 |       |       |       ||   130
       Headbutt          |    15 |    20 |    48 |   276 |    57 ||   416
       Mace              |       |    80 |   192 |   893 |       ||  1165
       Morningstar       |       |       |       |    11 |   185 ||   196
Throw: Boomerang         |       |       |       |     5 |       ||     5
       Dart              |       |       |       |     3 |       ||     3
Invok: Divine Shield     |       |       |       |     1 |       ||     1
  Use: Potion            |       |       |     2 |     4 |     2 ||     8
       Scroll            |       |       |    22 |     3 |     3 ||    28
 Stab: Sleeping          |     6 |       |       |       |       ||     6
Armor: Robe              |    14 |       |       |       |       ||    14
       Scale mail        |    18 |    61 |   140 |   252 |    66 ||   537
       Skin              |       |       |       |       |     4 ||     4
Dodge: Dodged            |    56 |    41 |   190 |   321 |    95 ||   703
Block: Buckler           |       |    17 |    54 |       |       ||    71
       Kite shield       |       |       |       |   431 |   110 ||   541
